Cogmind - Beta 16.1 @@@ ROGUE MODE // 2026.02.12 @ 23:58:33 Player: peezed Result: Destroyed by S-10 Pest with Light Assault Rifle Performance ------------- Evolutions (0) 0 Regions Visited (1) 200 Robots Destroyed (16) 80 Value Destroyed (360) 360 Prototype IDs (0) 0 Alien Tech Used (0) 0 Bonus (0) 0 TOTAL SCORE: 640 Bonus ------- None Cogmind --------- Core Integrity 0/250 Matter 275/300 Energy 99/100 System Corruption 0% Temperature Cool (20) Movement Core (100) Ox1 Location -10/Materials Parts ------- > --- POWER (1) -------- (None) > --- PROPULSION (2) --- (None) > --- UTILITY (2) ------ Small Storage Unit > --- WEAPON (2) ------- Light Assault Rifle > --- INVENTORY (8) ---- Light Nuclear Core Wheel Improved Heat Sink Large Matter Pod (0) Structural Scanner ECM Suite Peak State ------------ > --- POWER ------------ Light Nuclear Core > --- PROPULSION ------- Aluminum Leg Aluminum Leg > --- UTILITY ---------- Small Storage Unit ECM Suite > --- WEAPON ----------- Assault Rifle Grenade Launcher > --- INVENTORY -------- Ion Engine Ion Engine Wheel Improved Heat Sink Large Matter Pod Structural Scanner Medium Laser Light Assault Rifle [Rating: 10] Favorites ----------- Power Ion Engine Engine Ion Engine Power Core Light Nuclear Core Propulsion Aluminum Leg Leg Aluminum Leg Utility Small Storage Unit Device ECM Suite Storage Small Storage Unit Protection Light Armor Plating Weapon Assault Rifle Energy Gun Medium Laser Ballistic Gun Assault Rifle Launcher Grenade Launcher Build | -11 -10 ------- Run | Yrd Mat Slots Evolved . | . . Power . | . . Propulsion . | . . Utility . | . . Weapon . | . . Parts Attached 15 | 7 8 Power 4 | 1 3 Engine 3 | 1 2 Core 1 | . 1 Reactor . | . . Propulsion 2 | 2 . Treads . | . . Leg 2 | 2 . Wheel . | . . Hover . | . . Flight . | . . Utility 5 | 1 4 Device 1 | . 1 Storage 2 | 1 1 Processor . | . . Hackware . | . . Protection 2 | . 2 Artifact . | . . Weapon 4 | 3 1 Energy Gun 1 | 1 . Energy Cannon . | . . Ballistic Gun 2 | 2 . Ballistic Cannon . | . . Launcher 1 | . 1 Special Weapon . | . . Impact Weapon . | . . Slashing Weapon . | . . Piercing Weapon . | . . Special Melee Weapon . | . . Unidentified Prototypes . | . . Parts Lost 6 | . 6 Power 1 | . 1 Propulsion 2 | . 2 Utility 2 | . 2 Weapon 1 | . 1 Highest Loss Streak 6 | . 6 To Critical Strikes . | . . Average Backups 5 | 1 5 Power 1 | . 1 Propulsion . | . . Utility 2 | . 2 Weapon 1 | . 1 Tool/Special . | . . Unused Backups 3 | . 3 Power . | . . Propulsion 1 | . 1 Utility 2 | . 2 Weapon . | . . Tool/Special . | . . Average Slot Usage (%) 94 | . 94 Engine 10 | . 10 Core 1 | . 1 Leg 27 | . 27 Device 5 | . 5 Storage 16 | . 16 Protection 4 | . 4 Energy Gun 5 | . 5 Ballistic Gun 14 | . 14 Launcher 7 | . 7 Peak Build Rating 10 | 6 10 Average Rating 7 | 4 7 On Entrance 3 | . 6 Avg Prop Armor Cover (%) . | . . Naked Turns . | . . Heaviest Build 18 | 14 18 Greatest Support 20 | 20 20 Greatest Overweight (x) 3 | 2 3 Average Overweight (x) . | . . Largest Inventory Capacity 8 | 8 8 Average Capacity 7 | 6 8 Most Carried 8 | 4 8 Average Carried 5 | 1 5 Final Capacity 8 | 8 8 Final Carried 6 | 2 6 Class Distribution -------------------- 100% | Mutant Dominant Class ---------------- Mutant | -10/Materials Resources | -11 -10 ----------- Run | Yrd Mat Matter Collected 517 | 181 336 Remotely . | . . Salvage Created 343 | . 343 Parts 31 | . 31 Haulers Intercepted . | . . Recyclers Shooed . | . . Parts Field Recycled . | . . Retrieved Matter . | . . Parts Self-Destructed . | . . Prevented . | . . Parts Restored . | . . Kills | -11 -10 ------- Run | Yrd Mat Combat Hostiles Destroyed 8 | . 8 Guns 5 | . 5 AOE 3 | . 3 Classes Destroyed 7 | . 7 Worker 2 | . 2 Builder 3 | . 3 Tunneler 1 | . 1 Operator 1 | . 1 Watcher 1 | . 1 Swarmer 1 | . 1 Grunt 7 | . 7 Best Kill Streak 6 | . 6 Combat Bots Only 4 | . 4 Max Kills in Single Turn 3 | . 3 Gunslinging . | . . Exploded 1 | . 1 Melee . | . . Uniques/NPCs Destroyed . | . . Combat | -11 -10 -------- Run | Yrd Mat Hostile Shots Fired 114 | . 114 Missed 23 | . 23 Hits 91 | . 91 Projectile 91 | . 91 Critical Strikes 1 | . 1 Damage Taken 1079 | . 1079 Core 252 | . 252 Absorbed by Shields . | . . Core Remaining (%) 100 | 100 . Volleys Fired 41 | . 41 Largest 2 | . 2 Hottest 70 | . 70 Shots Fired 77 | . 77 Gun 67 | . 67 Cannon . | . . Launcher 10 | . 10 Special . | . . Kinetic 41 | . 41 Thermal 26 | . 26 Explosive 10 | . 10 Electromagnetic . | . . Robot Hit Streak 6 | . 6 Robot Miss Streak 3 | . 3 Penetration Max . | . . Secondary Targets 2 | . 2 Max Gunslinging Chain 1 | . 1 Shots Hit Robots 42 | . 42 Core Hits 26 | . 26 Critical Kills . | . . Critical Parts Destroyed . | . . Critical Strikes 2 | . 2 Burn 2 | . 2 Melee Attacks . | . . Impact . | . . Slashing . | . . Piercing . | . . Sneak Attacks . | . . Combat Hostiles . | . . Follow-up Attacks . | . . Damage Inflicted 1052 | . 1052 Guns 429 | . 429 Cannons . | . . Explosions 601 | . 601 Melee . | . . Ramming 22 | . 22 Kinetic 217 | . 217 Thermal 212 | . 212 Explosive 601 | . 601 Electromagnetic . | . . Impact . | . . Slashing . | . . Piercing . | . . Highest Corruption . | . . Average Corruption . | . . Corruption Purged . | . . Corruption Blocked . | . . Overload Shots . | . . Overflow Damage 95 | . 95 Projectiles . | . . Explosions 95 | . 95 Melee . | . . Knockbacks . | . . Impact . | . . Kinetic . | . . Secondary . | . . Self-Inflicted Damage 126 | . 126 Shots 4 | . 4 Rammed . | . . Targets Rammed 3 | . 3 Kicked 3 | . 3 Crushed . | . . Highest Temperature 166 | . 166 Average Temperature 55 | . 55 Received Heat Transfer 360 | . 360 Siege Activations . | . . Martial Activations . | . . Shielding Activations . | . . Robots Disrupted . | . . Combat Hostiles . | . . Robots Corrupted . | . . Combat Hostiles . | . . Parts Fried . | . . Impact Corruptions . | . . Robots Melted . | . . Combat Hostiles . | . . Parts Melted . | . . Heat Transferred 777 | . 777 Parts Sabotaged . | . . Parts Stolen . | . . Parts Stripped . | . . Power Chain Reactions . | . . Alert | -11 -10 ------- Run | Yrd Mat Maximum Alert Level 1 | . 1 Low Security (%) 99 | 100 98 Level 1 . | . 1 Level 2 . | . . Level 3 . | . . Level 4 . | . . Level 5 . | . . High Security . | . . Max Security . | . . Peak Influence 203 | . 203 Initial . | . . Average 87 | . 96 Influence Increases 368 | . 368 Destroy 0b10 Robot/C 160 | . 160 Destroy 0b10 Robot/NC 40 | . 40 Destroy Leader 32 | . 32 Disable Machine 45 | . 45 Destroy Structure 91 | . 91 Influence Decreases 271 | . 271 Time Decay 211 | . 211 Lost Part 60 | . 60 Squads Dispatched 1 | . 1 Investigation . | . . Extermination . | . . Reinforcement 1 | . 1 Assault . | . . Garrison . | . . Intercept . | . . Searches Triggered . | . . Construction Impeded . | . . Haulers Reinforced . | . . Active Scanning Responses . | . . Cargo Convoy Interrupts . | . . Stealth | -11 -10 --------- Run | Yrd Mat Distress Signals 1 | . 1 Communications Jammed . | . . Distress Signals . | . . Times Spotted 16 | . 16 Peak Tracking Total 4 | . 4 Tactical Retreats 1 | . 1 ECM-based Alert Blocks 1 | . 1 Traps | -11 -10 ------- Run | Yrd Mat Traps Triggered 2 | . 2 Indirectly . | . . Trap Hack Attempts . | . . Triggered . | . . Disarmed . | . . Reprogrammed . | . . Reused . | . . Traps Extracted . | . . Installed . | . . Triggered . | . . Machines | -11 -10 ---------- Run | Yrd Mat Machines Disabled 3 | . 3 Max in Single Turn 2 | . 2 Machines Repaired . | . . Machines Dismantled . | . . Machines Sabotaged . | . . Overloaded Fab Kills . | . . Hacking | -11 -10 --------- Run | Yrd Mat Machines Accessed 2 | . 2 Terminals 2 | . 2 Fabricators . | . . Repair Stations . | . . Recycling Units . | . . Scanalyzers . | . . Garrison Access . | . . Total Hacks 4 | . 4 Successful 4 | . 4 Failed . | . . Catastrophic . | . . Database Lockouts . | . . Manual . | . . Terminals 4 | . 4 Fabricators . | . . Repair Stations . | . . Recycling Units . | . . Scanalyzers . | . . Garrison Access . | . . Terminal Hacks 4 | . 4 Dispatch Records 2 | . 2 Transport Status 1 | . 1 Investigation Status 1 | . 1 Fabricator Hacks . | . . Repair Station Hacks . | . . Recycling Unit Hacks . | . . Scanalyzer . | . . Garrison Access Hacks . | . . Unauthorized Hacks . | . . Terminals . | . . Fabricators . | . . Repair Stations . | . . Recycling Units . | . . Scanalyzers . | . . Garrison Access . | . . Data Cores Recovered . | . . Used . | . . Hacking Detections . | . . Full Trace Events . | . . Feedback Events . | . . Feedback Blocked . | . . Robot Schematics Acquired . | . . Robots Built . | . . Authchips . | . . Time . | . . Total Robot Build Rating . | . . Part Schematics Acquired . | . . Parts Built . | . . Authchips . | . . Time . | . . Total Part Build Rating . | . . Part Studies Acquired . | . . Parts Repaired . | . . Time . | . . Parts Recycled . | . . Recycled Matter . | . . Retrieved Matter . | . . Retrieved Components . | . . Parts Scanalyzed . | . . Part Schematics Acquired . | . . Parts Damaged . | . . Bothacking | -11 -10 ------------ Run | Yrd Mat Used RIF Installer . | . . Robots Hacked . | . . Non-combat . | . . Combat . | . . Robot Hacks Applied . | . . Relay Couplers Released . | . . Fabnet Peak Effective % . | . . Robots Rewired . | . . Allies Hacked . | . . Hacks Repelled . | . . Allies | -11 -10 -------- Run | Yrd Mat Total Allies . | . . Largest Group . | . . Highest-Rated Group . | . . Highest-Rated Ally . | . . Total Orders . | . . Ally Attacks . | . . Total Damage . | . . Kills . | . . Allies Corrupted . | . . Allies Melted . | . . Intel | -11 -10 ------- Run | Yrd Mat Active Infowar (turns) 241 | . 241 ECM 241 | . 241 Robot Analysis Total . | . . Derelict Logs Recovered . | . . Drone Launches . | . . Drone Recoveries . | . . Exploration | -11 -10 ------------- Run | Yrd Mat Turns Passed 801 | 80 721 Spaces Moved 533 | 65 468 Core 30 | 25 5 Treads . | . . Legs 503 | 40 463 Wheels . | . . Hover . | . . Flight . | . . Fastest Speed 50 | 50 120 Average Speed 118 | 97 121 Slowest Speed 200 | 150 200 Overloaded Moves . | . . Propulsion Burnouts . | . . Robots Hopped . | . . Potential Cave-ins . | . . Cave-ins Triggered . | . . Exploration Rate (%) 24 | 3 45 Regions Visited 1 Branch Regions . Pre-discovered Areas . | . . Known Exits Taken . | . . Unknown Exits Taken 1 | 1 . Scrap Searched . | . . Spaces Dug . | . . Terrain Destroyed 109 | . 109 Melee . | . . Projectile . | . . AOE 109 | . 109 Terrain Rammed . | . . Walls Destroyed . | . . Machines Disabled . | . . Actions | -11 -10 --------- Run | Yrd Mat Total 627 | 81 546 Wait 13 | . 13 Move 532 | 64 468 Hop . | . . Pick Up 14 | 7 7 Fast Attach 4 | . 4 Attach 9 | 7 2 Detach 1 | 1 . Swap 8 | 2 6 Drop 2 | . 2 Fire 41 | . 41 Melee . | . . Ram . | . . Kick 3 | . 3 Crush . | . . Escape Stasis . | . . Rewire . | . . Trap . | . . Miscellaneous . | . . Route ------- -11/Scrapyard -10/Materials (discovered 3 exits: [*Mat] / [*Min] / [*Sub]) History --------- Turn | Location | Event 16 | -11/Scrapyard | Discovered new exit (range 16) 81 | -11/Scrapyard | Entered Materials 214 | -10/Materials | Discovered new exit (range 7) 309 | -10/Materials | Build established: Mutant 691 | -10/Materials | Discovered new exit (range 15) 699 | -10/Materials | Discovered new exit (range 6) 717 | -10/Materials | Core integrity fell below 50% 792 | -10/Materials | Core integrity fell below 20% 802 | -10/Materials | Destroyed by S-10 Pest with Light Assault Rifle Last Messages --------------- 00736_ Acquired 48 matter. 00736_ Ion Engine destroyed. 00737_ Kicked G-34 Mercenary. 00738_ Kicked G-34 Mercenary out of the way. 00750_ Lgt. Armor Plating destroyed. 00752_ G-34 Mercenary destroyed. 00756_ Acquired 24 matter. 00772_ Aluminum Leg destroyed. 00772_ Acquired Lgt. Armor Plating. 00780_ U-05 Engineer builds a Wall. 00783_ Aluminum Leg destroyed. 00786_ U-05 Engineer lays Concrete. 00787_ U-05 Engineer builds a Wall. 00787_ Critical hit (Destroy). 00792_ U-05 Engineer lays Concrete. 00794_ Lgt. Armor Plating destroyed. 00800_ S-10 Pest destroyed. 00800_ Switching to secondary target: S-10 Pest. 00800_ Destroyed Flight Unit. 00800_ Med. Laser destroyed. Map ----- +----------------------------------------------------+ | | | | | | | | | | | | | | | | | | | | | | | | | | | | | | | | | | | | | ?????????????????##??????????????????????????????? | | ?????????????#####<#####????????????????########## | | ?????????????# #????????????????# # | | ?????????????# #????????????????# !!# | | ?????????????# ! #######??????????# """ !!# | | ?????????###########+### ########???# """ # | | ?????????# u ^ *!! #???# """ # | | ?????????# < @ *^ ] #???# """ # | | ?????????# s ! [ #???# """ ]# | | ?????????####+########## u%= * #???# # | | ???????????????############# #???#[ # | | ????????????? ?# #?# !s #########+#### | | ????????????? # "" ### !! # ### #? | | ????????????" ### !! #? | | ???????????? # # = = #? | | ???????????? # * t #? | | ?????######### %* # # #####+#### ### #? | | ?????# # #?# T ###?#######? | | ?????# """ ### ### #??????????? | | ?????# """ ##+###* ! # #??????????? | | ?????# """ # #??????????? | | ?????# "" = " # #??????????? | | ?????# T" # *% # """ #??????????? | | ?????# "" ####### # """ #??????????? | | ?????# # # ###?## ## """ #??????????? | | ?????######### ###????# ## #??????????? | | ?????????????### ##?????# #########??????????? | | ?????########### #???? ?# #??????????????????? | | ?????# # #??"" # #??????????????????? | | ?????# # # """ # #??????????????????? | | ?????# # # #??????????????????? | | ?????# """"""" # + +??????????????????? | +----------------------------------------------------+ Best States ------------- Heat Dissipation 25 Energy Generation 14 Energy Capacity 250 Matter Stores 271 Matter Capacity 450 Sight Range 16 Terrain Scan Density 10 ECM Strength 1 Armor Coverage 150 Evasion (%) 55 Item Schematics ----------------- None Robot Schematics ------------------ None Fabricated ------------ Nothing Repaired ---------- Nothing Studied --------- None Alien Tech Used ----------------- None Achievements -------------- None Challenges ------------ None Game ------ Seed GrapheneShockPendant Manual? 0 Play Time 00:22:18 Cumulative 2.1 hours Start 2026.02.12 @ 23:37:12 End 2026.02.12 @ 23:58:33 Sessions 1 Manual Loads 0 Difficulty Rogue Special Mode None Game No. 5 Rogue 1 Adventurer 4 Explorer 0 Win Type - Total 0 Types 0/0/0/0/0/0/0/0/0/0 Lore% 1 Gallery% 5 Achievement% 6 Wizard Run 0 Options --------- Layout 1 ASCII 0 Keyboard 1 Movement Arrows Keybinds 0 Fullscreen 1 Font 32/SmallcapsGlow Map View 50x35 Zoom Use 9% Tactical HUD 1 Map Filters NONE Filters NONE Steam 1 RUN: c22bb7d7-bff1-48de-b68a-0dd7805468e1